 Dungeon Crawl Stone Soup version 0.16.2-2-g470672f (webtiles) character file.

56 Mynnion the Skirmisher (level 3, -12/34 HPs)
             Began as a Minotaur Berserker on Sept 3, 2015.
             Was an Initiate of Elyvilon.
             Mangled by a polar bear (15 damage)
             ... created by the rage of Trog
             ... on level 2 of the Dungeon.
             The game lasted 00:07:38 (904 turns).

Mynnion the Skirmisher (Minotaur Berserker)          Turns: 904, Time: 00:07:38

Health: -12/34     AC: 17    Str: 22    XL:     3   Next: 69%
Magic:  2/2        EV:  7    Int:  4    God:    Elyvilon [......]
Gold:   95         SH:  0    Dex:  8    Spells: 0 memorised, 2 levels left

rFire  . . .     SeeInvis .     a - +0 mace
rCold  . . .     Clarity  .     l - +1 plate armour
rNeg   . . .     SustAb   .     (no shield)
rPois  .         Gourm    .     (helmet restricted)
rElec  .         Spirit   .     (no cloak)
rCorr  .         Warding  .     (no gloves)
rMut   .         Stasis   .     r - +0 pair of boots
MR     .....                    (no amulet)
Stlth  ..........               (no ring)
                                (no ring)

@: not resistant to hostile enchantments, extremely unstealthy
A: retaliatory headbutt, horns 2, rough black scales 1
a: Renounce Religion


You were on level 2 of the Dungeon.
You worshipped Elyvilon.
Elyvilon was noncommittal.
You were not hungry.

You visited 1 branch of the dungeon, and saw 2 of its levels.

You collected 95 gold pieces.

Inventory:

Hand weapons
 a - a +0 mace (weapon)
 h - a +0 whip
 p - a +0 club
Armour
 b - a +0 animal skin
 d - a +0 ring mail
 l - a +1 plate armour (worn)
 m - a +0 robe
 q - a +0 leather armour
 r - a +0 pair of boots (worn)
Jewellery
 t - a cursed -3 ring of protection
Scrolls
 g - a scroll of immolation
 n - a scroll of recharging
 o - a scroll of blinking {unknown}
 v - a scroll of random uselessness {unknown}
Potions
 e - a potion of brilliance {unknown}
 i - a potion of invisibility {unknown}
 s - a potion of poison {unknown}
Comestibles
 c - a bread ration
 f - a royal jelly
 j - a fruit
 k - a slice of pizza


   Skills:
 + Level 4.3 Fighting
 + Level 4.3 Maces & Flails
 + Level 3.2 Armour
 + Level 2.5 Dodging


You had 2 spell levels left.
You didn't know any spells.

Dungeon Overview and Level Annotations

Branches:
Dungeon (2/15)

Altars:
Elyvilon


Innate Abilities, Weirdness & Mutations

You reflexively headbutt those who attack you in melee.
You have a pair of horns on your head.
You are partially covered in rough black scales (AC +4, Dex -1).


Message History

The black bear claws you but does no damage.
The black bear closely misses you.
The black bear claws you but does no damage. x2
You hit the black bear but do no damage.
The black bear completely misses you. The black bear claws you.
The black bear claws you but does no damage.
You hit the polar bear but do no damage.
You headbutt the polar bear.
The polar bear is lightly wounded.
The black bear rages.
The polar bear bites you!!
Ouch! That really hurt!
* * * LOW HITPOINT WARNING * * *
The polar bear claws you but does no damage.
The polar bear barely misses you.
As you read the scroll labeled RAITAU CICUCI, it crumbles to dust.
It is a scroll of recharging.
You aren't carrying any rechargeable items.
The polar bear bites you!
You die...

### ..# #.# #.# #.#
########## #.#
#@........
########.###h########
...........hhh.>#
########.###.#..# #.#
#.#..# #.# #.#..# #.#
#....# .
####.####...#.....
#..)..............


You could see a polar bear (berserk) and 3 black bears.

Vanquished Creatures
  Jessica (D:2)
  An adder (D:2)
  A giant mite (D:1)
  A giant gecko (D:2)
  A ball python (D:1)
  A bat (D:1)
  3 goblins (D:1)
  4 hobgoblins
  3 jackals (D:2)
  A giant newt (D:1)
  3 kobolds (D:1)
  4 rats (D:1)
24 creatures vanquished.

Notes
Turn   | Place    | Note
--------------------------------------------------------------
     0 | D:1      | Mynnion, the Minotaur Berserker, began the quest for the Orb.
     0 | D:1      | Reached XP level 1. HP: 19/19 MP: 1/1
   262 | D:1      | Reached XP level 2. HP: 27/27 MP: 1/1
   341 | D:1      | Reached skill level 4 in Fighting
   730 | D:2      | Found a white marble altar of Elyvilon.
   738 | D:2      | Fell from the grace of Trog
   738 | D:2      | Became a worshipper of Elyvilon the Healer
   808 | D:2      | Reached XP level 3. HP: 33/33 MP: 2/2
   859 | D:2      | Noticed Jessica
   863 | D:2      | Killed Jessica
   882 | D:2      | Gained mutation: You are partially covered in rough black scales (AC +4, Dex -1). [potion of beneficial mutation]
   899 | D:2      | Noticed a black bear
   899 | D:2      | Noticed a polar bear
   899 | D:2      | Noticed a black bear
   899 | D:2      | Noticed a black bear
   904 | D:2      | Mangled by a polar bear

Action                   || total
-------------------------++-------
Melee: Mace              ||    37
  Use: Scroll            ||     5
       Potion            ||     2
